 Dungeon Crawl Stone Soup version 0.25.0-26-g0c896c7088 (webtiles) character file.

Game seed: 9040357215572888732

126103 funkygono the Bludgeoner (level 16, -13/149 HPs)
             Began as a Minotaur Fighter on July 3, 2020.
             Was the Champion of Okawaru.
             Splashed by an oklob plant's acid (16 damage)
             ... on level 4 of the Swamp on July 4, 2020.
             The game lasted 01:32:30 (26903 turns).

funkygono the Bludgeoner (Minotaur Fighter)        Turns: 26903, Time: 01:32:31

Health: -13/149    AC: 19    Str: 33    XL:     16   Next: 43%
Magic:  0/19       EV:  7    Int: 12    God:    Okawaru [******]
Gold:   1748       SH: 17    Dex:  7    Spells: 15/15 levels left

rFire    . . .     SeeInvis .   y - +9 eveningstar of the Eternal Warrior {flame, Int+5}
rCold    + . .     Gourm    .   z - +1 kite shield {rPois}
rNeg     + . .     Faith    .   k - +1 crystal plate armour
rPois    +         Spirit   +   (helmet restricted)
rElec    .         Reflect  .   C - +2 cloak
rCorr    .         Harm     +   Q - +0 pair of gloves of the Game of Life {Str+5}
MR       ++...                  s - +0 pair of boots "Ompuotia" {Harm MR+ Int+2}
Stlth    ..........             J - amulet of guardian spirit
HPRegen  0.34/turn              a - ring of flight
MPRegen  0.16/turn              o - ring "Esmuischeoge" {rC+ rN+ AC+4 Dex-3}

@: corroded, very slow
A: retaliatory headbutt, horns 2
a: Heroism, Finesse, Renounce Religion, Evoke Flight


You were on level 4 of the Swamp.
You worshipped Okawaru.
Okawaru was exalted by your worship.
You were not hungry.

You visited 4 branches of the dungeon, and saw 21 of its levels.
You also visited: Volcano.

You collected 2256 gold pieces.
You spent 508 gold pieces at shops.

Inventory:

Hand Weapons
 e - the +5 morningstar "Jasod" {vorpal, rElec MR- Str+3}
   (Okawaru gifted it to you on level 3 of the Swamp)

   It inflicts extra damage upon your enemies.
   It affects your strength (+3).
   It insulates you from electricity.
   It affects your resistance to hostile enchantments.
 t - a +2 war axe of pain
 y - the +9 eveningstar of the Eternal Warrior (weapon) {flame, Int+5}
   (Okawaru gifted it to you on level 4 of the Lair of Beasts)

   It has been specially enchanted to burn those struck by it, causing extra
   injury to most foes and up to half again as much damage against particularly
   susceptible opponents.
   It affects your intelligence (+5).
 K - a +6 morningstar of holy wrath
 L - a +6 whip of freezing
Missiles
 j - 528 arrows
 r - 463 bolts
Armour
 k - a +1 crystal plate armour (worn)
 s - the +0 pair of boots "Ompuotia" (worn) {Harm MR+ Int+2}
   (You bought it in a shop on level 2 of the Orcish Mines)

   It affects your intelligence (+2).
   It affects your resistance to hostile enchantments.
   It increases damage dealt and taken.
 z - a +1 kite shield of poison resistance (worn)
 C - a +2 cloak (worn)
 G - a +2 pair of gloves
 Q - the +0 pair of gloves of the Game of Life (worn) {Str+5}
   (Okawaru gifted it to you on level 2 of the Swamp)

   It affects your strength (+5).
Jewellery
 a - a ring of flight (left hand)
 o - the ring "Esmuischeoge" (right hand) {rC+ rN+ AC+4 Dex-3}
   (You acquired it on level 6 of the Lair of Beasts)

   [ring of protection]

   It affects your AC (+4).
   It affects your dexterity (-3).
   It protects you from cold.
   It protects you from negative energy.
 A - an uncursed amulet of magic regeneration
 H - an uncursed ring of ice
 J - an amulet of guardian spirit (around neck)
 M - an uncursed ring of positive energy
 S - a cursed ring of protection from cold {unknown}
Wands
 b - a wand of paralysis (9)
 l - a wand of digging (14)
 u - a wand of flame (48)
 w - a wand of polymorph (21)
 E - a wand of acid (4)
 W - a wand of disintegration (4)
Scrolls
 g - 5 scrolls of fog
 h - 2 scrolls of fear
 n - 5 scrolls of remove curse
 x - 2 scrolls of magic mapping
 B - a scroll of blinking
 F - 5 scrolls of teleportation
 I - 3 scrolls of amnesia
 O - 5 scrolls of identify
 R - a scroll of enchant armour
Potions
 d - 7 potions of might
 i - a potion of curing
 m - 7 potions of mutation
 p - 3 potions of berserk rage
 q - a potion of resistance
 v - 2 potions of lignification
 D - 2 potions of haste
 N - a potion of ambrosia
 P - a potion of magic
 T - a potion of flight
Miscellaneous
 c - a lightning rod (4/4)
Comestibles
 f - 37 rations


   Skills:
 + Level 15.5 Fighting
 + Level 18.3 Maces & Flails
 + Level 14.8 Armour
 + Level 0.2 Dodging
 + Level 0.2 Stealth
 + Level 18.2 Shields
 + Level 5.8 Invocations
 + Level 4.7 Evocations


You had 15 spell levels left.
You didn't know any spells.
Your spell library contained the following spells:

 Spells                   Type           Power        Failure   Level  Hunger
 Animate Skeleton         Necr           N/A          99%         1    ##.....
 Apportation              Tloc           #.....       99%         1    ##.....
 Corona                   Hex            #......      99%         1    ##.....
 Magic Dart               Conj           #...         99%         1    ##.....
 Shock                    Conj/Air       #...         99%         1    ##.....
 Summon Small Mammal      Summ           #...         99%         1    ##.....
 Blink                    Tloc           N/A          99%         2    ###....
 Call Imp                 Summ           #.......     99%         2    ###....
 Ensorcelled Hibernation  Hex/Ice        #.....       99%         2    ###....
 Slow                     Hex            #.......     99%         2    ###....
 Call Canine Familiar     Summ           #.......     100%        3    ####...
 Conjure Flame            Conj/Fire      #.......     100%        3    ####...
 Ignite Poison            Fire/Tmut/Pois #.......     100%        3    ####...
 Mephitic Cloud           Conj/Pois/Air  #.......     100%        3    ####...
 Static Discharge         Conj/Air       #.......     100%        3    ####...
 Summon Guardian Golem    Hex/Summ       #.......     100%        3    ####...
 Dispel Undead            Necr           #.......     100%        4    #####..
 Leda's Liquefaction      Hex/Erth       #.........   100%        4    #####..
 Summon Ice Beast         Ice/Summ       #.......     100%        4    #####..
 Summon Lightning Spire   Summ/Air       #.......     100%        4    #####..
 Bolt of Magma            Conj/Fire/Erth #.........   100%        5    ######.
 Borgnjor's Vile Clutch   Necr/Erth      #.........   100%        5    ######.
 Fireball                 Conj/Fire      #.........   100%        5    ######.
 Iskenderun's Battlesphe  Conj/Chrm      #.......     100%        5    ######.
 Lightning Bolt           Conj/Air       #.........   100%        5    ######.
 Silence                  Hex/Air        #.........   100%        5    ######.
 Darkness                 Hex            #.........   100%        6    #######
 Iron Shot                Conj/Erth      #.........   100%        6    #######
 Shadow Creatures         Summ           N/A          100%        6    #######
 Starburst                Conj/Fire      #.........   100%        6    #######
 Statue Form              Tmut/Erth      #........    100%        6    #######
 Orb of Destruction       Conj           #.........   100%        7    #######
 Ring of Flames           Chrm/Fire      #.........   100%        7    #######
 Spellforged Servitor     Conj/Summ      #.........   100%        7    #######
 Ignition                 Fire           #.........   100%        8    #######
 Shatter                  Erth           #.........   100%        9    #######
 Tornado                  Air            #.........   100%        9    #######


Dungeon Overview and Level Annotations

Branches:
Dungeon (9/15)             Temple (0/1) D:6            Lair (6/6) D:9
  Swamp (4/4) Lair:2        Snake (0/4) Lair:3        Slime (0/5) Lair:5
    Orc (2/2) D:9             Elf (0/3) Orc:2       Volcano (visited)

Altars:
Dithmenos
Fedhas
Gozag
Hepliaklqana
Kikubaaqudgha
Makhleb
Okawaru
Ru
Sif Muna
Trog
Vehumet
Xom
Yredelemnul
Zin
The Shining One
Jiyva

Shops:
D:8 *   Orc:1 %(?(*   Orc:2 !****

Annotations:
Swamp:4 exclusion: 3 oklob plants


Innate Abilities, Weirdness & Mutations

You reflexively headbutt those who attack you in melee.
You have a pair of horns on your head.


Message History

The splash of acid hits you!
* * * LOW HITPOINT WARNING * * *
You are splashed with acid!
* * * LOW HITPOINT WARNING * * *
Marking area around an oklob plant as unsafe for travelling.
The oklob plant spits acid at you.
The splash of acid hits you but does no damage.
The acid corrodes you!
You are splashed with acid!
* * * LOW HITPOINT WARNING * * *
You enter the shallow water.
Moving in this stuff is going to be slow.
The oklob plant spits acid at you.
The splash of acid hits you but does no damage.
The acid corrodes you!
You are splashed with acid!
* * * LOW HITPOINT WARNING * * *
The oklob plant spits acid at you. The splash of acid hits you!
* * * LOW HITPOINT WARNING * * *
The acid corrodes you!
You are splashed with acid!
You die...

.≈≈...†♣≈≈♣♣≈≈≈..≈.≈.♣♣.≈≈≈≈.≈≈
..≈§≈≈≈.≈≈≈≈≈≈≈≈≈≈≈...♣≈..≈≈≈≈≈
..≈≈≈≈≈≈≈≈≈.≈≈≈###...##...§≈≈..
..≈§≈≈≈≈≈≈≈.♣♣####.)###♣....≈≈≈
≈≈.≈≈≈≈≈≈≈≈.♣ #.).≈#♣ #≈≈.≈
≈≈.≈≈≈≈≈≈≈≈≈≈♣ ##≈.♣≈.#♣
≈≈≈...≈≈≈≈≈≈###♣≈≈≈§♣..♣##
≈≈≈≈...§...♣##♣.%.♣≈..§♣.♣
≈≈.)..≈≈≈≈## ♣..@...♣.≈..#
≈..≈≈.≈≈≈## ♣≈.♣♣♣#.#♣..#
.≈.≈≈.≈≈## ♣.≈♣ #≈####≈####
..≈≈≈≈.## #P....♣ ## #.≈≈.#
.§≈≈≈≈## #..♣....# #####...♣##
≈.≈≈≈≈# #≈≈ .≈.≈§# #.♣....##.#
≈≈.≈≈≈##.. ..P≈♣.. ##...8....#
≈≈≈≈≈≈##♣ ≈≈._P..♣# #.♣≈≈†.♣.#
≈..≈≈.# ......... #...._...#


You could see 2 oklob plants.

Vanquished Creatures
  Rupert (Orc:2)
  5 thorn hunters
  The ghost of windycow the Markscentaur, a journeyman CeHu of Okawaru (Orc:1)
  2 vampire knights (Swamp:4)
  The ghost of LaGuigne83 the Cleaver, a journeyman DDMo of Makhleb (Lair:2)
  14 hydras
  2 ghost crabs (Swamp:4)
  A catoblepas (Lair:4)
  5 shambling mangroves
  A dancing weapon (Lair:2)
  11 alligators
  The ghost of SamuraiZach the Basher, a novice TrBe of Trog (D:9)
  A two-headed ogre (Volcano)
  A death yak (Lair:4)
  9 spriggans
  A hell knight (Volcano)
  10 swamp dragons
  3 spriggan druids
  4 spectral hydras (Swamp:4)
  A phantasmal warrior (Swamp:4)
  Pikel (D:8)
  An obsidian statue (Orc:1)
  7 orc knights
  2 wolf spiders (Lair:6)
  4 oklob plants (Lair:4)
  2 elephants (Lair:4)
  Joseph (D:8)
  A guardian serpent (Lair:6)
  A moth of wrath (D:9)
  A torpor snail (Lair:4)
  9 black mambas
  22 spiny frogs
  A freezing wraith (Swamp:4)
  17 komodo dragons
  3 rime drakes
  A hydra zombie (Swamp:4)
  A queen bee (D:9)
  3 death drake zombies (Swamp:4)
  3 trolls (Orc:1)
  6 tyrant leeches
  5 polar bears
  17 slime creatures
  21 hornets
  6 bog bodies
  2 hydra skeletons (Swamp:4)
  12 dream sheep (Lair:6)
  15 blink frogs
  8 hippogriffs
  2 death drake skeletons (Swamp:4)
  A redback (Lair:6)
  A shadow (Swamp:2)
  30 yaks
  A wraith (D:9)
  9 wyverns
  A steam dragon (D:8)
  A hungry ghost (D:9)
  20 vampire mosquitoes
  4 basilisks
  6 wargs
  An acid dragon (D:9)
  22 swamp worms
  17 water moccasins
  27 insubstantial wisps
  2 hydra simulacra (Swamp:4)
  12 porcupines
  11 swamp drakes
  36 orc warriors
  A black bear (D:8)
  A hornet zombie (D:8)
  6 ice beasts
  3 phantoms
  A sky beast (D:7)
  2 slaves (D:8)
  A swamp dragon zombie (Swamp:4)
  10 ogres
  18 wolves
  A swamp dragon skeleton (Swamp:4)
  13 centaurs
  12 crocodiles
  16 bullfrogs
  6 scorpions
  A troll zombie (D:9)
  26 killer bees (D:9)
  3 wights (D:9)
  6 crimson imps
  2 centaur zombies
  6 hounds
  4 jellies
  9 orc priests
  A bullfrog skeleton (D:6)
  3 iguanas
  Ijyb (D:4)
  11 orc wizards
  11 worker ants
  5 ogre zombies (D:9)
  3 gnolls (D:8)
  A worker ant zombie (D:5)
  7 adders
  2 shadow imps (D:7)
  8 oozes
  An adder zombie (D:6)
  An adder skeleton (D:4)
  A worm (D:3)
  4 dart slugs
  4 leopard geckos
  62 orcs
  4 giant cockroaches
  14 goblins
  8 hobgoblins
  6 jackals
  5 kobolds
  A quokka (D:8)
  2 ball pythons
  5 bats
  9 frilled lizards
  4 goblin zombies (D:9)
  A hobgoblin skeleton (D:9)
  14 orc zombies (D:9)
  A quokka skeleton (D:4)
  7 rats
  A briar patch (Swamp:4)
  12 fungi
  9 plants
829 creatures vanquished.

Vanquished Creatures (collateral kills)
  A swamp dragon (Swamp:4)
  3 blink frogs (Swamp:4)
4 creatures vanquished.

Vanquished Creatures (others)
  A slime creature (Swamp:3)
  A hornet (Swamp:4)
  A vampire mosquito (Swamp:3)
  A briar patch (Swamp:4)
  2 bushes (Lair:6)
  24 fungi
  57 plants
87 creatures vanquished.

Grand Total: 920 creatures vanquished

Notes
Turn   | Place    | Note
-------+----------+-------------------------------------------
     0 | D:1      | funkygono the Minotaur Fighter began the quest for the Orb.
     0 | D:1      | Reached XP level 1. HP: 19/19 MP: 0/0
   121 | D:1      | Reached XP level 2. HP: 27/27 MP: 1/1
   313 | D:1      | Found an iron altar of Okawaru.
   316 | D:1      | Became a worshipper of Warmaster Okawaru
   439 | D:1      | Reached XP level 3. HP: 33/33 MP: 2/2
   802 | D:2      | Found a faded altar of an unknown god.
   989 | D:2      | Reached XP level 4. HP: 40/40 MP: 3/3
  1359 | D:3      | Found a hazy altar of Hepliaklqana.
  1832 | D:3      | Found a glowing golden altar of the Shining One.
  1907 | D:3      | Found a glowing silver altar of Zin.
  2011 | D:4      | Reached XP level 5. HP: 38/47 MP: 4/4
  2137 | D:4      | Reached skill level 5 in Shields
  2449 | D:4      | Noticed Ijyb
  2463 | D:4      | Killed Ijyb
  2571 | D:4      | Reached XP level 6. HP: 53/53 MP: 5/5
  2609 | D:4      | Reached * piety under Okawaru
  2609 | D:4      | Reached skill level 5 in Maces & Flails
  3161 | D:5      | Entered Level 5 of the Dungeon
  3167 | D:5      | Reached skill level 5 in Armour
  3196 | D:5      | Reached skill level 5 in Fighting
  3432 | D:5      | Reached skill level 1 in Evocations
  3432 | D:5      | Reached XP level 7. HP: 56/61 MP: 6/6
  3877 | D:5      | Reached ** piety under Okawaru
  4108 | D:6      | Found the +3 robe of Folly {Archmagi, MR-- Int+5}
  4137 | D:6      | Reached XP level 8. HP: 64/70 MP: 5/7
  4289 | D:6      | Found a staircase to the Ecumenical Temple.
  4748 | D:6      | Found a burning altar of Makhleb.
  4795 | D:7      | Noticed a hippogriff
  4802 | D:7      | Killed a hippogriff
  4968 | D:7      | Reached *** piety under Okawaru
  5138 | D:7      | Reached skill level 1 in Invocations
  5152 | D:7      | Found a shadowy altar of Dithmenos.
  5207 | D:7      | Reached XP level 9. HP: 78/78 MP: 9/9
  5577 | D:8      | Found a blossoming altar of Fedhas.
  5648 | D:8      | Found a sacrificial altar of Ru.
  5824 | D:8      | Reached skill level 10 in Maces & Flails
  5921 | D:8      | Noticed Pikel
  5947 | D:8      | Killed Pikel
  5947 | D:8      | Reached **** piety under Okawaru
  6036 | D:8      | Found Unwifaec's Assorted Antiques.
  6058 | D:8      | Found a bloodstained altar of Trog.
  6138 | D:8      | Noticed Joseph
  6162 | D:8      | Killed Joseph
  6162 | D:8      | Reached XP level 10. HP: 86/86 MP: 10/10
  6935 | D:9      | Reached skill level 10 in Shields
  7009 | D:9      | Found an ancient bone altar of Kikubaaqudgha.
  7037 | D:9      | Found a shimmering blue altar of Sif Muna.
  7038 | D:9      | Found a radiant altar of Vehumet.
  7120 | D:9      | Identified Vehumet's Handbook of Attacks
  7165 | D:9      | Found a transporter.
  7166 | D:9      | Noticed SamuraiZach's ghost (novice TrBe)
  7171 | D:9      | Noticed a moth of wrath
  7199 | D:9      | Found a transporter.
  7414 | D:9      | Found a staircase to the Lair.
  8356 | D:9      | Found a staircase to the Orcish Mines.
  8998 | Lair:1   | Entered Level 1 of the Lair of Beasts
  8998 | Lair:1   | Noticed a black mamba
  9012 | Lair:1   | Killed a black mamba
  9012 | Lair:1   | Received a gift from Okawaru
  9012 | Lair:1   | Reached XP level 11. HP: 95/95 MP: 12/12
  9466 | Lair:1   | Reached ***** piety under Okawaru
 10165 | Lair:2   | Found a staircase to the Swamp.
 10638 | Lair:2   | Got a twisted rapier
 11012 | Lair:2   | Found a runed translucent door.
 11012 | Lair:2   | Found a shimmering altar of Xom.
 11012 | Lair:2   | Noticed LaGuigne83's ghost (journeyman DDMo)
 11012 | Lair:2   | Noticed a +0 long sword of chaos
 11036 | Lair:2   | Killed a +0 long sword of chaos
 11112 | Lair:2   | Killed LaGuigne83's ghost
 11112 | Lair:2   | Received a gift from Okawaru
 11112 | Lair:2   | Reached skill level 10 in Armour
 11112 | Lair:2   | Reached XP level 12. HP: 48/106 MP: 11/13
 11115 | Lair:2   | Got a steaming robe {god gift}
 11498 | Lair:2   | Identified the +4 rapier "Goblin's Foe" {vorpal, rPois rC-
                  | Dex+2} (You found it on level 2 of the Lair of Beasts)
 11665 | Lair:3   | Found a staircase to the Snake Pit.
 12489 | Lair:3   | Identified the +1 robe of Asceticism {rF+ rC++ Str+3 Dex-3}
                  | (Okawaru gifted it to you on level 2 of the Lair of Beasts)
 12649 | Lair:4   | Reached skill level 10 in Fighting
 13299 | Lair:4   | Noticed a death yak
 13321 | Lair:4   | Killed a death yak
 13370 | Lair:4   | Noticed a catoblepas
 13385 | Lair:4   | Killed a catoblepas
 14563 | Lair:4   | HP: 1/108 [acid (8)]
 14951 | Lair:4   | Received a gift from Okawaru
 15052 | Lair:4   | Got a bloodstained eveningstar {god gift}
 15068 | Lair:4   | Identified the +9 eveningstar of the Eternal Warrior
                  | {flame, Int+5} (Okawaru gifted it to you on level 4 of the
                  | Lair of Beasts)
 15082 | Lair:4   | Identified the Catalogue of Combat Magic and Unholy Arts
 15287 | Lair:5   | Found a dark tunnel.
 15297 | Volcano  | Entered a volcano
 15319 | Volcano  | Noticed a two-headed ogre
 15325 | Volcano  | Killed a two-headed ogre
 15329 | Volcano  | Reached XP level 13. HP: 109/115 MP: 15/15
 15776 | Lair:5   | Found a staircase to the Slime Pits.
 15777 | Lair:5   | Found a viscous altar of Jiyva.
 16021 | Lair:6   | Entered Level 6 of the Lair of Beasts
 16105 | Lair:6   | Reached skill level 15 in Maces & Flails
 16215 | Lair:6   | Reached ****** piety under Okawaru
 16219 | Lair:6   | Received a gift from Okawaru
 16734 | Lair:6   | Found the +8 arc blade {discharge, rElec}
 17256 | Lair:6   | Received a gift from Okawaru
 17283 | Lair:6   | Got a crystal dire flail {god gift}
 17289 | Lair:6   | Reached XP level 14. HP: 126/127 MP: 16/16
 18012 | Lair:6   | Identified the +0 dire flail of Fate {protect, MP+9}
                  | (Okawaru gifted it to you on level 6 of the Lair of Beasts)
 18014 | Lair:6   | Identified a scroll of acquirement
 18015 | Lair:6   | Got the ring "Esmuischeoge" {rC+ rN+ AC+4 Dex-3}
 18259 | Orc:1    | Entered Level 1 of the Orcish Mines
 18259 | Orc:1    | Found a runed translucent gate.
 18259 | Orc:1    | Found a runed translucent gate.
 18259 | Orc:1    | Found an opulent altar of Gozag.
 18260 | Orc:1    | Found a runed translucent gate.
 18261 | Orc:1    | Found Gykadwy's Magic Scroll Boutique.
 18261 | Orc:1    | Noticed windycow's ghost (journeyman CeHu)
 18315 | Orc:1    | Killed windycow's ghost
 18315 | Orc:1    | Reached skill level 15 in Shields
 18430 | Orc:1    | Found Imnumah's Weapon Boutique.
 18472 | Orc:1    | Received a gift from Okawaru
 18523 | Orc:1    | Found Kydygg's Antique Weapon Shoppe.
 18711 | Orc:1    | Found Zuhi's Food Boutique.
 18857 | Orc:2    | Entered Level 2 of the Orcish Mines
 19104 | Orc:2    | Found Jasumam's Distillery.
 19145 | Orc:2    | Noticed Rupert
 19163 | Orc:2    | Killed Rupert
 19410 | Orc:2    | HP: 3/129 [wolf (6)]
 19861 | Orc:2    | Found a staircase to the Elven Halls.
 20313 | Orc:2    | Found Ijyn's Assorted Antiques.
 20313 | Orc:2    | Found Beceleud's Assorted Antiques.
 20315 | Orc:2    | Found Voavytat's General Store.
 20317 | Orc:2    | Found Riugg's General Store.
 20322 | Orc:2    | Bought a pair of slimy boots for 294 gold pieces
 20332 | Orc:2    | Identified the +0 pair of boots "Ompuotia" {Harm MR+ Int+2}
                  | (You bought it in a shop on level 2 of the Orcish Mines)
 20339 | Orc:2    | Bought a +2 pair of gloves for 214 gold pieces
 20533 | Orc:1    | Found Fefiyggo's General Store.
 20715 | D:9      | Killed SamuraiZach's ghost
 20870 | Swamp:1  | Entered Level 1 of the Swamp
 21230 | Swamp:1  | Received a gift from Okawaru
 21258 | Swamp:1  | Reached skill level 5 in Invocations
 21389 | Swamp:1  | Reached XP level 15. HP: 127/137 MP: 15/17
 22538 | Swamp:2  | You fall into a shaft and drop 1 floor!
 22554 | Swamp:3  | Noticed a thorn hunter
 22652 | Swamp:3  | Killed a thorn hunter
 22652 | Swamp:3  | Received a gift from Okawaru
 22686 | Swamp:3  | Got a dazzling morningstar {god gift}
 22687 | Swamp:3  | Identified the +5 morningstar "Jasod" {vorpal, rElec MR-
                  | Str+3} (Okawaru gifted it to you on level 3 of the Swamp)
 23973 | Swamp:2  | Received a gift from Okawaru
 23976 | Swamp:2  | Got a pair of faintly glowing gloves {god gift}
 23987 | Swamp:2  | Identified the +0 pair of gloves of the Game of Life
                  | {Str+5} (Okawaru gifted it to you on level 2 of the Swamp)
 24503 | Swamp:4  | Entered Level 4 of the Swamp
 24513 | Swamp:4  | Noticed a thorn hunter
 24533 | Swamp:4  | Killed a thorn hunter
 25369 | Swamp:4  | Noticed a thorn hunter
 25374 | Swamp:4  | Reached skill level 15 in Fighting
 25382 | Swamp:4  | Killed a thorn hunter
 25382 | Swamp:4  | Reached XP level 16. HP: 111/149 MP: 14/19
 26055 | Swamp:4  | Noticed a thorn hunter
 26083 | Swamp:4  | Paralysed by a hornet for 2 turns
 26088 | Swamp:4  | Received a gift from Okawaru
 26112 | Swamp:4  | Noticed a thorn hunter
 26128 | Swamp:4  | Killed a thorn hunter
 26582 | Swamp:4  | Killed a thorn hunter
 26855 | Swamp:4  | Found a basalt altar of Yredelemnul.
 26893 | Swamp:4  | Found a blossoming altar of Fedhas.
 26903 | Swamp:4  | HP: 3/149 [oklob plant/splash of acid (7)]
 26903 | Swamp:4  | Splashed by an oklob plant's acid

Illustrated notes

Levels and vault maps discovered:
D:1:      ncdulo_halloftheorcs, layout_basic, okawaru_ov_weapons_minmay
D:2:      layout_rooms, chequers_ecumenical_altar_simple_redux,
          kennysheep_generic_room_4
D:3:      layout_loops_ring, lemuel_round_altar, zin_statuary,
          nicolae_tso_swordbearing_angel
D:4:      layout_layer_cave, uniq_ijyb
D:5:      layout_loops_cross, first_ration
D:6:      layout_basic, kennysheep_mini, minmay_temple_entry_statues_pillars
D:7:      layout_basic, old_standard_altar
D:8:      layout_cave_pods, fedhas_altar_3, lemuel_doored_altar, serial_shops,
          shop, serial_glass, glass_columns_a, glass_columns_a,
          hangedman_little_slice_of_home, nicolae_ru_awakened_eye, uniq_joseph,
          uniq_pikel
D:9:      layout_basic, grunt_temple_overflow_magic_moments,
          grunt_lair_entry_orc_guard_hut, zombieorc1_lemuel,
          gammafunk_ghost_berserking_beasts, minivault_7
Lair:1:   layout_gridlike, cheibrodos_lair_reptile_den, grunt_megastairs_4,
          serial_bayou_shore_b
Lair:2:   layout_roguey, minmay_swamp_entry_worms, ebering_ghost_xom,
          grunt_megastairs_1
Lair:3:   layout_regular_city, dummy_snake_entry, lemuel_fruit_fields,
          grunt_megastairs_3
Lair:4:   layout_small_grid, beast_lair_carwin_10, minmay_lair_oklob_chamber,
          serial_bayou_shore_b
Lair:5:   layout_misc_corridors, slime_altar_1, enter_volcano_1
Lair:6:   hangedman_lair_tendril_chambers, layout_regular_city,
          cheibrodos_lair_lostbears
Swamp:1:  layout_basic_swamp, evilmike_swamp_ruin_rubble_2, swamp_pool1,
          hangedman_swamp_pad
Swamp:2:  layout_falls_marsh, evilmike_swamp_ruin_house_6
Swamp:3:  layout_falls_marsh, nicolae_swamp_orc_logging_accident
Swamp:4:  byrel_swamp_growth_death_and_undeath, layout_basic_swamp,
          infiniplex_staircase_pool
Orc:1:    layout_diamond_mine, serial_shops, shop, shop,
          nicolae_shop_waterfront, nicolae_shop_crystal, shop,
          ebering_ghost_gozag
Orc:2:    st_orc_rangers, layout_caves, serial_shops, shop_statue,
          mines5_lemuel, uniq_rupert

Skill      XL: |  1  2  3  4  5  6  7  8  9 10 11 12 13 14 15 16 |
---------------+-------------------------------------------------+-----
Shields        | 4 5 6 7 9 11 12 13 14 16 17 18 | 18.2
Fighting       | 4 5 6 7 8 9 10 12 13 15 | 15.5
Armour         | 4 5 6 7 8 10 11 12 13 14 | 14.8
Maces & Flails | 3 4 5 7 9 10 12 13 14 16 17 18 | 18.3
Evocations     | 1 2 3 4 |  4.7
Invocations    | 1 2 3 4 5 |  5.8
Dodging        | |  0.2
Stealth        | |  0.2

Action                   |  1- 3 |  4- 6 |  7- 9 | 10-12 | 13-15 | 16-18 || total
-------------------------+-------+-------+-------+-------+-------+-------++-------
Melee: Flail             |   112 |   126 |   153 |       |       |       ||   391
       Headbutt          |    13 |    21 |    57 |   260 |   182 |    47 ||   580
       Mace              |       |       |   165 |   997 |       |       ||  1162
       Eveningstar       |       |       |       |    14 |   818 |    48 ||   880
       Morningstar       |       |       |       |       |   233 |   154 ||   387
Invok: Heroism           |       |       |    20 |    36 |    44 |     4 ||   104
Evoke: Wand              |       |    10 |     8 |    38 |    17 |     9 ||    82
       Phantom mirror    |       |       |       |     3 |       |       ||     3
       Lightning rod     |       |       |       |       |     2 |       ||     2
       Box of beasts     |       |       |       |       |     3 |       ||     3
  Use: Scroll            |     2 |     8 |     8 |     8 |    15 |       ||    41
       Potion            |       |       |       |       |     7 |     1 ||     8
 Stab: Paralysed         |       |       |       |       |     1 |       ||     1
  Eat: Chunk             |       |     8 |     9 |    13 |    23 |     2 ||    55
       Ration            |       |       |       |     7 |     2 |     1 ||    10
Armor: Scale mail        |    28 |       |       |       |       |       ||    28
       Crystal plate arm |    49 |    62 |   165 |   377 |   612 |   155 ||  1420
Dodge: Dodged            |    23 |     7 |    37 |   111 |   257 |    53 ||   488
Block: Kite shield       |    59 |    58 |   155 |   442 |   887 |   156 ||  1757
